[Event "ICC tourney 2556 (25 5)"]
[Site "Internet Chess Club"]
[Date "2021.05.09"]
[Round "5"]
[White "NANNAPANENI, SAHARSH:K05-16276626"]
[Black "DEVARAJ, SHREYA:K05-16369648"]
[Result "0-1"]
[ICCResult "White checkmated"]
[WhiteElo "743"]
[BlackElo "1024"]
[Opening "Queen's pawn game"]
[ECO "D00"]
[NIC "QP.08"]
[Time "11:32:22"]
[PlyCount "76"]
[TimeControl "1500+5"]

1. d4 d5 2. e3 Nf6 3. f4 Bf5 4. Nf3 e6 5. Bd3 Bg6 6. O-O Be7 7. c3 Be4 8.
Qe2 O-O 9. Nbd2 Nc6 10. Ne5 Qd6 11. b3 Bxd3 12. Qxd3 Rfe8 13. Bb2 Bf8 14.
c4 b6 15. Rac1 Nb4 16. Qe2 Nxa2 17. Ra1 Nb4 18. Ba3 c5 19. Bxb4 cxb4 20.
Rac1 Rac8 21. Rf3 g6 22. Rg3 Bg7 23. h4 Nh5 24. Rh3 a5 25. Ra1 Re7 26. c5
bxc5 27. dxc5 Rxc5 28. Kh1 Bxe5 29. fxe5 Qxe5 30. Nf3 Qxa1+ 31. Kh2 Qf6 32.
Nd4 Qe5+ 33. g3 Rc3 34. Qd2 Qxe3 35. Qd1 Qf2+ 36. Kh1 Nxg3+ 37. Rxg3 Rxg3
38. Qe2 Rh3# { White checkmated } 0-1

[Event "ICC tourney 2556 (25 5)"]
[Site "Internet Chess Club"]
[Date "2021.05.09"]
[Round "5"]
[White "PETUKHOV, ARTHUR:K05-16615802"]
[Black "L LIU, JASON:K05-15325166"]
[Result "0-1"]
[ICCResult "White checkmated"]
[WhiteElo "1287"]
[BlackElo "1615"]
[Opening "Ruy Lopez: Caro variation"]
[ECO "C70"]
[NIC "RL.09"]
[Time "11:30:12"]
[PlyCount "96"]
[TimeControl "1500+5"]

1. e4 e5 2. Nf3 Nc6 3. Bb5 a6 4. Ba4 b5 5. Bb3 Nf6 6. d3 Bc5 7. O-O h6 8.
c3 d6 9. h3 O-O 10. Nbd2 Be6 11. Bc2 Re8 12. Re1 Qd7 13. Nf1 Bxh3 14. gxh3
Qxh3 15. d4 Bb6 16. d5 Ng4 17. Ne3 Ne7 18. Nxg4 Qxg4+ 19. Kf1 Ng6 20. Ng1
Qh4 21. Be3 Nf4 22. Bxb6 Qg5 23. Qf3 cxb6 24. Nh3 Nxh3 25. Qxh3 Qd2 26. Re2
Qf4 27. Qg3 Rac8 28. Qxf4 exf4 29. Kg2 b4 30. cxb4 Rc4 31. Rae1 Rec8 32.
Bd3 Rxb4 33. e5 dxe5 34. Rxe5 g6 35. Re8+ Rxe8 36. Rxe8+ Kg7 37. Bxa6 Rxb2
38. Bc4 b5 39. Bb3 Kf6 40. Rb8 Rd2 41. Rxb5 g5 42. Rb6+ Kg7 43. a4 g4 44.
Kf1 h5 45. Rb4 f3 46. a5 Rb2 47. a6 Rb1+ 48. Bd1 Rxd1# { White checkmated }
0-1

[Event "ICC tourney 2556 (25 5)"]
[Site "Internet Chess Club"]
[Date "2021.05.09"]
[Round "5"]
[White "WANG JIA, TRISTAN:K05-17245906"]
[Black "JAICHAND, RISHAB:K05-16786245"]
[Result "0-1"]
[ICCResult "White checkmated"]
[WhiteElo "887"]
[BlackElo "1188"]
[Opening "Giuoco Piano"]
[ECO "C50"]
[NIC "IG.02"]
[Time "11:31:53"]
[PlyCount "84"]
[TimeControl "1500+5"]

1. e4 e5 2. Nf3 Nc6 3. Bc4 Bc5 4. Nc3 d6 5. d3 Bg4 6. h3 Bh5 7. g4 Bg6 8.
Bg5 f6 9. Bd2 Nge7 10. Nd5 Nxd5 11. Bxd5 Qd7 12. Qe2 O-O-O 13. a4 Nd4 14.
Nxd4 Bxd4 15. Be3 Bxe3 16. Qxe3 b6 17. a5 Qe7 18. axb6 axb6 19. Ra8+ Kd7
20. Ra1 Ke8 21. Bc6+ Kf8 22. Qd2 Be8 23. Bd5 Bf7 24. Bc6 h5 25. gxh5 Bxh5
26. O-O Bf3 27. Qe3 Rxh3 28. Qxf3 Rxf3 29. Kg2 Rf4 30. Rh1 Kf7 31. Bd5+ Kg6
32. Rh3 Rg4+ 33. Rg3 Rxg3+ 34. fxg3 f5 35. exf5+ Kxf5 36. Be4+ Kg5 37. Rf1
Rf8 38. Rh1 Qf7 39. Rh4 Qf2+ 40. Kh3 Qf1+ 41. Kh2 Rf2+ 42. Bg2 Qxg2# {
White checkmated } 0-1

[Event "ICC tourney 2556 (25 5)"]
[Site "Internet Chess Club"]
[Date "2021.05.09"]
[Round "5"]
[White "XIA, CHENXIANG:K05-16930170"]
[Black "YUEDUO XU, ANDY:K05-16732301"]
[Result "1-0"]
[ICCResult "Black checkmated"]
[WhiteElo "1084"]
[BlackElo "1438"]
[Opening "Dutch defense"]
[ECO "A81"]
[NIC "HD.12"]
[Time "11:33:11"]
[PlyCount "47"]
[TimeControl "1500+5"]

1. d4 f5 2. g3 Nf6 3. Bg2 g6 4. c3 Bg7 5. Qb3 d5 6. Nf3 O-O 7. O-O c6 8. c4
Kh8 9. Bf4 Nbd7 10. Nbd2 h6 11. Rad1 g5 12. Be3 Nh5 13. cxd5 f4 14. gxf4
gxf4 15. Nh4 Qe8 16. dxc6 bxc6 17. Qc2 Kg8 18. Qxc6 Rb8 19. Bd5+ e6 20.
Bxe6+ Kh7 21. Qe4+ Kh8 22. Ng6+ Kh7 23. Nxf8+ Kh8 24. Qh7# { Black
checkmated } 1-0

[Event "ICC tourney 2556 (25 5)"]
[Site "Internet Chess Club"]
[Date "2021.05.09"]
[Round "5"]
[White "BRACK KARSTEN, ROWAN:K05-16593891"]
[Black "YAO, COCO:K05-16335651"]
[Result "1-0"]
[ICCResult "Black checkmated"]
[WhiteElo "786"]
[BlackElo "1082"]
[Opening "Giuoco Piano"]
[ECO "C54"]
[NIC "IG.02"]
[Time "11:33:14"]
[PlyCount "79"]
[TimeControl "1500+5"]

1. e4 e5 2. Nf3 Nc6 3. Bc4 Bc5 4. c3 Nf6 5. d4 exd4 6. cxd4 Bb4+ 7. Bd2
Bxd2+ 8. Nbxd2 d6 9. Ng5 O-O 10. Nxf7 Rxf7 11. Bxf7+ Kxf7 12. Qb3+ Kf8 13.
d5 Nd4 14. Qd3 c5 15. b4 b6 16. bxc5 bxc5 17. O-O Kg8 18. Rfe1 Rb8 19. Nf3
Nxf3+ 20. Qxf3 Qe8 21. Qg3 Nxe4 22. Qf4 Qg6 23. Qxe4 Bf5 24. Qe3 Bd7 25.
Qg3 Qf5 26. Qxd6 Rb6 27. Qe5 Qg4 28. Qe7 Rg6 29. Qd8+ Kf7 30. Re7+ Kf6 31.
Re4+ Kf5 32. Rxg4 Rxg4 33. Qxd7+ Kg5 34. Qxg4+ Kxg4 35. d6 Kf5 36. d7 Kf6
37. d8=Q+ Kg6 38. Re1 Kf5 39. Qd5+ Kf4 40. Re4# { Black checkmated } 1-0

[Event "ICC tourney 2556 (25 5)"]
[Site "Internet Chess Club"]
[Date "2021.05.09"]
[Round "5"]
[White "MANTRI, SIDHARTH:K05-16467263"]
[Black "SENTHIL, ADITYA:K05-16653164"]
[Result "0-1"]
[ICCResult "White checkmated"]
[WhiteElo "901"]
[BlackElo "1237"]
[Opening "French: advance, Milner-Barry gambit"]
[ECO "C02"]
[NIC "FR.03"]
[Time "11:31:50"]
[PlyCount "106"]
[TimeControl "1500+5"]

1. e4 e6 2. d4 d5 3. e5 c5 4. c3 Nc6 5. Nf3 Qb6 6. Bd3 cxd4 7. cxd4 Bd7 8.
Be2 Nh6 9. Nc3 Nf5 10. Nb5 a6 11. Nd6+ Bxd6 12. exd6 Nfxd4 13. Nxd4 Qxd4
14. Qxd4 Nxd4 15. Bd3 Bb5 16. Bxb5+ Nxb5 17. O-O Nxd6 18. b3 Ke7 19. Ba3 b5
20. Rfe1 a5 21. Bb2 f6 22. Rad1 Kf7 23. f3 Rhc8 24. Rc1 Rxc1 25. Rxc1 Rc8
26. Rxc8 Nxc8 27. Kf2 e5 28. Ke3 Ke6 29. g4 Nb6 30. h4 h6 31. h5 a4 32.
bxa4 Nxa4 33. Ba3 Nc3 34. Bf8 Kf7 35. Bc5 Nxa2 36. Kd2 d4 37. Kc2 Nc3 38.
Kd3 g6 39. hxg6+ Kxg6 40. Ba3 Kg5 41. Bc1+ Kg6 42. Bd2 b4 43. Kc4 h5 44.
Kxb4 hxg4 45. fxg4 Ne4 46. Bc1 Nf2 47. g5 Nd3+ 48. Kc4 Nxc1 49. gxf6 Kxf6
50. Kd5 d3 51. Ke4 d2 52. Ke3 d1=Q 53. Ke4 Qd3# { White checkmated } 0-1

[Event "ICC tourney 2556 (25 5)"]
[Site "Internet Chess Club"]
[Date "2021.05.09"]
[Round "5"]
[White "PEYTON, NATHAN:K05-16452322"]
[Black "KALE, VIHAAN:K05-16144616"]
[Result "1-0"]
[ICCResult "Black resigns"]
[WhiteElo "1481"]
[BlackElo "1175"]
[Opening "Caro-Kann: exchange variation"]
[ECO "B13"]
[NIC "CK.02"]
[Time "11:32:00"]
[PlyCount "72"]
[TimeControl "1500+5"]

1. e4 c6 2. d4 d5 3. exd5 cxd5 4. Bd3 Nf6 5. h3 Nc6 6. c3 Bd7 7. Nf3 e6 8.
Bf4 Be7 9. Qe2 O-O 10. Ne5 Nxe5 11. dxe5 Ne8 12. h4 Nc7 13. Nd2 a6 14. a4
b5 15. a5 b4 16. c4 dxc4 17. Nxc4 Bb5 18. Rd1 Nd5 19. Bg3 Bxc4 20. Bxc4
Qxa5 21. Bxd5 exd5 22. O-O Bc5 23. e6 f6 24. Rfe1 Rfe8 25. Qh5 Rad8 26.
Qf7+ Kh8 27. Bc7 Bxf2+ 28. Kxf2 Qc5+ 29. Kf1 Rc8 30. Rc1 Qe7 31. Qxe7 Rxe7
32. Bd6 Ree8 33. Rxc8 Rxc8 34. e7 Re8 35. Bxb4 g6 36. Rd1 a5 { Black
resigns } 1-0

[Event "ICC tourney 2556 (25 5)"]
[Site "Internet Chess Club"]
[Date "2021.05.09"]
[Round "5"]
[White "ZHAO, BRYAN:K05-16690808"]
[Black "ZHU, ISABELLA:K05-16795777"]
[Result "1/2-1/2"]
[ICCResult "Game drawn by repetition"]
[WhiteElo "744"]
[BlackElo "1058"]
[Opening "Sicilian: Canal-Sokolsky attack, 3...Bd7"]
[ECO "B52"]
[NIC "SI.01"]
[Time "11:32:23"]
[PlyCount "171"]
[TimeControl "1500+5"]

1. e4 c5 2. Nf3 d6 3. Bb5+ Bd7 4. Bxd7+ Nxd7 5. d4 cxd4 6. Qxd4 Ngf6 7. O-O
g6 8. Qc4 Bg7 9. Rd1 Rc8 10. Qb3 O-O 11. Nc3 Qb6 12. Qxb6 Nxb6 13. Be3 Nc4
14. Bxa7 b6 15. Na4 Nxe4 16. Nxb6 Nxb6 17. Bxb6 Bxb2 18. Rab1 Rxc2 19. Re1
d5 20. Red1 e6 21. Kf1 Rb8 22. Ne1 Nd2+ 23. Rxd2 Rxd2 24. Bc7 Rb7 25. Bf4
Rd4 26. Be5 Rdb4 27. Nd3 Bxe5 28. Rxb4 Rxb4 29. Nxb4 Bc3 30. Nc6 d4 31. Ke2
Kf8 32. a4 Ke8 33. a5 Kd7 34. Ne5+ Kc7 35. a6 Kb6 36. Nxf7 Kxa6 37. Kd3 Ka5
38. f4 Kb4 39. g4 Kc5 40. h4 Kd5 41. h5 gxh5 42. gxh5 Bb4 43. Ng5 h6 44.
Nf7 Bf8 45. Ne5 Bg7 46. Nf7 Kc5 47. Nd8 Kd5 48. Nf7 Bf8 49. Ne5 Bd6 50. Ng6
e5 51. fxe5 Bxe5 52. Nxe5 Kxe5 53. Kd2 Ke4 54. Ke2 d3+ 55. Kd2 Kd4 56. Kd1
Ke3 57. Ke1 d2+ 58. Kd1 Kf4 59. Kxd2 Kg4 60. Ke2 Kxh5 61. Kf2 Kg4 62. Kg2
h5 63. Kh2 Kh4 64. Kg2 Kg4 65. Kh2 h4 66. Kh1 Kh3 67. Kg1 Kg3 68. Kh1 h3
69. Kg1 Kg4 70. Kh2 Kh4 71. Kh1 Kg4 72. Kh2 Kh4 73. Kg1 Kg3 74. Kh1 Kf4 75.
Kh2 Kg4 76. Kg1 Kf3 77. Kh2 Kg4 78. Kg1 Kg3 79. Kh1 Kf4 80. Kh2 Kg4 81. Kg1
Kg3 82. Kh1 Kh4 83. Kh2 Kg4 84. Kg1 Kg3 85. Kh1 Kg4 86. Kh2 { Game drawn by
repetition } 1/2-1/2

[Event "ICC tourney 2556 (25 5)"]
[Site "Internet Chess Club"]
[Date "2021.05.09"]
[Round "5"]
[White "KUMAR, ANIRUDH:K05-30045956"]
[Black "RIAZ, RAYHAN:K05-16543002"]
[Result "1/2-1/2"]
[ICCResult "Game drawn because neither player has mating material"]
[WhiteElo "924"]
[BlackElo "1478"]
[Opening "Sicilian defense"]
[ECO "B30"]
[NIC "SI.31"]
[Time "11:31:00"]
[PlyCount "135"]
[TimeControl "1500+5"]

1. e4 c5 2. Nf3 Nc6 3. Bc4 g6 4. Nc3 Bg7 5. d3 Nf6 6. h3 O-O 7. O-O a6 8.
a3 b5 9. Bb3 Bb7 10. Be3 d6 11. Qd2 Nd7 12. Bh6 Rc8 13. Qe3 Nd4 14. Bxg7
Nxf3+ 15. Qxf3 Kxg7 16. Qg3 c4 17. dxc4 bxc4 18. Ba4 Nc5 19. Rfe1 Qa5 20.
b4 cxb3 21. cxb3 Nxa4 22. Nxa4 Rc2 23. Qd3 Rfc8 24. Re2 Rc1+ 25. Rxc1 Rxc1+
26. Kh2 Qe5+ 27. g3 Qa1 28. Qf3 Qxa3 29. Nb6 Qa1 30. Nc4 Rc3 31. Re3 Rxe3
32. Nxe3 Qe5 33. Nd5 e6 34. Nc3 f5 35. Qd3 fxe4 36. Qe3 d5 37. Qa7 Qxc3 38.
Qxb7+ Kf6 39. b4 Qd4 40. Kg2 e3 41. fxe3 Qxe3 42. Qxa6 Qd2+ 43. Kf3 Qc3+
44. Kg2 Qxb4 45. Qa1+ Kf7 46. h4 Qd2+ 47. Kh3 Qd3 48. Qa7+ Kf6 49. Qxh7
Qf5+ 50. Kh2 e5 51. Qh8+ Ke6 52. Qe8+ Kd6 53. Qd8+ Kc5 54. Qc7+ Kd4 55.
Qb6+ Ke4 56. Qb1+ Ke3 57. Qxf5 gxf5 58. h5 d4 59. h6 d3 60. h7 d2 61. h8=Q
d1=Q 62. Qxe5+ Kd2 63. Qd5+ Ke2 64. Qxd1+ Kxd1 65. Kh3 Ke2 66. Kh4 Kf3 67.
Kg5 Kxg3 68. Kxf5 { Game drawn because neither player has mating material }
1/2-1/2

[Event "ICC tourney 2556 (25 5)"]
[Site "Internet Chess Club"]
[Date "2021.05.09"]
[Round "5"]
[White "GALLEGE, REHAN:K05-16946930"]
[Black "CHEN, LAFAYETTE:K05-16910808"]
[Result "0-1"]
[ICCResult "White checkmated"]
[WhiteElo "1111"]
[BlackElo "1483"]
[Opening "Sicilian: Smith-Morra gambit"]
[ECO "B21"]
[NIC "SI.48"]
[Time "11:32:20"]
[PlyCount "112"]
[TimeControl "1500+5"]

1. e4 c5 2. d4 cxd4 3. c3 dxc3 4. Nxc3 e6 5. Nf3 Nc6 6. Bf4 Bb4 7. Bb5 Nge7
8. O-O O-O 9. Qb3 Bxc3 10. Qxc3 Ng6 11. Be3 Qa5 12. Qxa5 Nxa5 13. Rac1 Nc6
14. Nd4 Nxd4 15. Bxd4 a6 16. Ba4 b5 17. Bb3 Bb7 18. f3 Rfc8 19. Rfd1 Rxc1
20. Rxc1 Nf4 21. Kh1 Ne2 22. Rc7 Nxd4 23. Rxb7 Nxb3 24. axb3 Rd8 25. Ra7 d5
26. exd5 exd5 27. Rxa6 g6 28. Kg1 d4 29. Kf2 Rc8 30. Rd6 Rc2+ 31. Kg3 Rxb2
32. Rxd4 Rxb3 33. Rd8+ Kg7 34. Rb8 Rb2 35. Rb6 b4 36. h4 h6 37. f4 h5 38.
Kf3 b3 39. g3 Kf8 40. Rb7 Rb1 41. Kg2 b2 42. Kh2 Ke8 43. Kg2 Kd8 44. Kh2
Kc8 45. Rb3 Kc7 46. Rc3+ Kd6 47. Rb3 Kc5 48. Rb8 Kd4 49. Rd8+ Ke3 50. Re8+
Kf2 51. Rb8 Re1 52. Rb7 b1=R 53. Rxb1 Rxb1 54. g4 hxg4 55. h5 Rb3 56. h6
Rh3# { White checkmated } 0-1

[Event "ICC tourney 2556 (25 5)"]
[Site "Internet Chess Club"]
[Date "2021.05.09"]
[Round "5"]
[White "NGUYEN, KEVIN:K05-16839412"]
[Black "WANG, HANBIN:K05-16715670"]
[Result "1-0"]
[ICCResult "Black resigns"]
[WhiteElo "705"]
[BlackElo "1049"]
[Opening "Ruy Lopez: Berlin defense, 4.O-O, d6"]
[ECO "C66"]
[NIC "RL.07"]
[Time "11:32:29"]
[PlyCount "63"]
[TimeControl "1500+5"]

1. e4 e5 2. Nf3 Nc6 3. Bb5 Nf6 4. O-O d6 5. h3 Bd7 6. c3 Nxe4 7. d4 exd4 8.
Re1 d5 9. cxd4 Bb4 10. Bd2 Bxd2 11. Nbxd2 O-O 12. Nxe4 dxe4 13. Rxe4 Bf5
14. Re1 Nb4 15. Re5 Bc2 16. Qd2 a5 17. a3 f6 18. Ree1 c6 19. Bc4+ Nd5 20.
Qxc2 b5 21. Ba2 Rc8 22. Bb1 f5 23. Qd2 Nf6 24. Bxf5 Rc7 25. Qxa5 Rb7 26.
Qxd8 Rxd8 27. b3 Nd5 28. Rac1 Ra7 29. Rxc6 Ne7 30. Be6+ Kf8 31. Rc5 Rxa3
32. Rxb5 { Black resigns } 1-0

[Event "ICC tourney 2556 (25 5)"]
[Site "Internet Chess Club"]
[Date "2021.05.09"]
[Round "5"]
[White "WESTOVER, CHARLOTTE:K05-16380250"]
[Black "PALAVALASA, YATHIN:K05-16801353"]
[Result "1-0"]
[ICCResult "Black checkmated"]
[WhiteElo "1143"]
[BlackElo "825"]
[Opening "Scotch opening"]
[ECO "C44"]
[NIC "KP.10"]
[Time "11:32:05"]
[PlyCount "97"]
[TimeControl "1500+5"]

1. e4 e5 2. Nf3 Nc6 3. d4 d6 4. dxe5 Bg4 5. exd6 Bxf3 6. Qxf3 Bxd6 7. Nc3
Nd4 8. Qd1 Nc6 9. Bb5 Ne7 10. O-O Qd7 11. Re1 O-O-O 12. Kh1 Rhf8 13. f4 a6
14. Bc4 Na5 15. Be2 g6 16. e5 Bc5 17. Qxd7+ Rxd7 18. Ne4 Bb6 19. Nf6 Rdd8
20. Bg4+ Kb8 21. Nd7+ Rxd7 22. Bxd7 Rd8 23. Bg4 f5 24. exf6 Nf5 25. Bxf5
gxf5 26. Be3 Bxe3 27. Rxe3 Rd2 28. f7 Rd8 29. Re8 Rxe8 30. fxe8=Q+ Ka7 31.
Qd7 Nc6 32. Qxc7 h6 33. Qf7 Nd4 34. Qc4 Nc6 35. Qc5+ Kb8 36. Qxf5 Ka7 37.
Qf8 h5 38. Qc5+ Kb8 39. Qxh5 Ka7 40. f5 Ne5 41. f6 Nd7 42. f7 b6 43. f8=Q
Nxf8 44. Qf7+ Kb8 45. Qxf8+ Kc7 46. Qf6 Kb7 47. Rd1 Ka7 48. Rd7+ Kb8 49.
Qf8# { Black checkmated } 1-0

[Event "ICC tourney 2556 (25 5)"]
[Site "Internet Chess Club"]
[Date "2021.05.09"]
[Round "5"]
[White "VELAMURU, SREEKAR:K05-17024815"]
[Black "SINHA, AANVI:K05-16964627"]
[Result "1-0"]
[ICCResult "Black checkmated"]
[WhiteElo "423"]
[BlackElo "103"]
[Opening "KP: Indian opening"]
[ECO "C20"]
[NIC "KP.10"]
[Time "11:32:38"]
[PlyCount "129"]
[TimeControl "1500+5"]

1. e4 e5 2. d3 Nc6 3. g3 Nf6 4. Bg2 Bc5 5. Ne2 d6 6. O-O O-O 7. Bg5 Qe7 8.
Nbc3 h6 9. Nd5 Qe8 10. Nxc7 Qd7 11. Nxa8 hxg5 12. Nc3 b6 13. Nd5 Qb7 14.
Ndc7 Qb8 15. c4 Bb7 16. Nd5 Qxa8 17. Nxf6+ gxf6 18. Qh5 Rd8 19. Bh3 Kf8 20.
Bf5 Ke7 21. Rac1 Nd4 22. Bh3 d5 23. exd5 Bxd5 24. cxd5 f5 25. Rc4 Qc8 26.
Qxg5+ Ke8 27. Bg2 Qd7 28. Qf6 Be7 29. Qh8+ Bf8 30. Qxe5+ Ne6 31. Bh3 Bd6
32. Qxf5 b5 33. Rcc1 a6 34. Qh7 Ke7 35. Bg4 Ng5 36. Rfe1+ Ne6 37. Bh5 Bb4
38. Qxf7+ Kd6 39. Qg6 Bxe1 40. Rxe1 Qg7 41. Qe4 Qe7 42. Qe5+ Kd7 43. d6
Qxd6 44. Qxd6+ Kxd6 45. Bg4 Nd4 46. Re4 Nc6 47. Bf3 Kc7 48. Re6 Nd4 49.
Re7+ Kc8 50. Bb7+ Kb8 51. h4 Nf3+ 52. Bxf3 Kc8 53. Rh7 Rxd3 54. Bb7+ Kd8
55. Rh8+ Kd7 56. Bc8+ Kc6 57. Rd8 Kc7 58. Rxd3 Kb6 59. h5 b4 60. h6 a5 61.
h7 a4 62. h8=Q b3 63. Qd8+ Kb5 64. Rc3 Kb4 65. Qb6# { Black checkmated }
1-0

[Event "ICC tourney 2556 (25 5)"]
[Site "Internet Chess Club"]
[Date "2021.05.09"]
[Round "5"]
[White "ZIZOLD, VICTORIA:K05-16744153"]
[Black "BAO, MAXIMILIAN:K05-16427073"]
[Result "0-1"]
[ICCResult "White checkmated"]
[WhiteElo "205"]
[BlackElo "778"]
[Opening "Giuoco Piano: four knights variation"]
[ECO "C55"]
[NIC "IG.01"]
[Time "11:31:31"]
[PlyCount "106"]
[TimeControl "1500+5"]

1. e4 e5 2. Bc4 Nf6 3. Nf3 Nc6 4. Nc3 Bc5 5. d4 exd4 6. Nb5 a6 7. Nbxd4
Bb4+ 8. c3 O-O 9. cxb4 Nxb4 10. O-O Re8 11. Bd2 Nc6 12. Nf5 Rxe4 13. Ng5
Re5 14. Bd3 Rd5 15. Bc2 d6 16. Re1 Bxf5 17. g4 Bxc2 18. Qxc2 Nd4 19. Qb1
Nc6 20. f4 Rxd2 21. Rd1 Rxd1+ 22. Qxd1 h6 23. Nf3 Nxg4 24. h3 Nf6 25. h4
Qd7 26. b3 Qg4+ 27. Kf2 Qxf4 28. b4 Nxb4 29. a3 Nd3+ 30. Ke2 Ne5 31. Nxe5
Qxe5+ 32. Kd3 Qd5+ 33. Ke2 Qxd1+ 34. Rxd1 Re8+ 35. Kd2 Re4 36. a4 Rd4+ 37.
Kc2 Rxd1 38. Kxd1 g5 39. hxg5 hxg5 40. Kd2 Kg7 41. Kd1 Kg6 42. Ke2 Kf5 43.
Kf3 g4+ 44. Kg3 Ne4+ 45. Kg2 Kf4 46. a5 c5 47. Kg1 c4 48. Kf1 c3 49. Ke1 c2
50. Ke2 c1=Q 51. Kd3 Qc3+ 52. Ke2 Qd2+ 53. Kf1 Qf2# { White checkmated }
0-1

[Event "ICC tourney 2556 (25 5)"]
[Site "Internet Chess Club"]
[Date "2021.05.09"]
[Round "5"]
[White "JAYESH GANDHI, REYANSH:K05-16772340"]
[Black "CHAKKIRALA, NITIKA:K05-17289378"]
[Result "1-0"]
[ICCResult "Black checkmated"]
[WhiteElo "721"]
[BlackElo "219"]
[Opening "KP: Patzer opening"]
[ECO "C20"]
[NIC "KP.10"]
[Time "11:32:55"]
[PlyCount "91"]
[TimeControl "1500+5"]

1. e4 e5 2. Qh5 Nf6 3. Qxe5+ Qe7 4. Qxe7+ Bxe7 5. Nc3 Bc5 6. Be2 d6 7. Nb5
Na6 8. Nf3 Nxe4 9. O-O O-O 10. Bd3 Nf6 11. b3 Re8 12. Bb2 Bd7 13. Nc3 Bc6
14. Bxa6 bxa6 15. Ne1 Bd4 16. Nd3 Rab8 17. h3 Nd5 18. Rae1 Nf6 19. Rb1 h6
20. Rfe1 Bxc3 21. Bxc3 Kh8 22. Nb4 Bb5 23. a4 Bd7 24. Nxa6 Rb6 25. Nxc7 Re4
26. Bxf6 gxf6 27. Rxe4 Rb7 28. Nd5 Bc6 29. Re8+ Kg7 30. Nxf6 Bxe8 31. Nxe8+
Kf8 32. Nxd6 Rd7 33. Nb5 Rxd2 34. Nxa7 Rxc2 35. b4 Ra2 36. a5 Ra4 37. Nc6
Ra2 38. b5 Rc2 39. a6 f5 40. a7 h5 41. a8=Q+ Kg7 42. b6 Rxc6 43. Qxc6 Kf7
44. Rd1 Kg8 45. Rd7 Kf8 46. Qc8# { Black checkmated } 1-0

[Event "ICC tourney 2556 (25 5)"]
[Site "Internet Chess Club"]
[Date "2021.05.09"]
[Round "5"]
[White "KESIREDDY, SAIKARUNYA:K05-16974321"]
[Black "SARANGI, SHREYAN:K05-17058212"]
[Result "1/2-1/2"]
[ICCResult "Game drawn by mutual agreement"]
[WhiteElo "880"]
[BlackElo "1359"]
[Opening "Sicilian defense"]
[ECO "B40"]
[NIC "SI.43"]
[Time "11:30:32"]
[PlyCount "125"]
[TimeControl "1500+5"]

1. e4 c5 2. Nf3 e6 3. c3 d5 4. exd5 exd5 5. d4 Nf6 6. Be2 Be7 7. O-O O-O 8.
Bf4 Nc6 9. Nbd2 Bf5 10. Qb3 Qb6 11. Be5 Qxb3 12. axb3 Nxe5 13. Nxe5 a6 14.
Bf3 Rac8 15. Rac1 cxd4 16. cxd4 Bb4 17. Nb1 Bxb1 18. Rxb1 Rc2 19. Nd3 Bd6
20. Rfd1 Rfc8 21. h3 Ne4 22. Rbc1 g6 23. Nc5 Rxc1 24. Rxc1 b6 25. Nd3 Rxc1+
26. Nxc1 Kf8 27. Ne2 Ke7 28. Nc3 Nxc3 29. bxc3 Ke6 30. Be2 a5 31. g4 Ba3
32. Bb5 Bb2 33. c4 Bxd4 34. cxd5+ Kxd5 35. Bc4+ Kc5 36. Bxf7 g5 37. Kf1 b5
38. Ke2 a4 39. bxa4 bxa4 40. f3 Kb4 41. Kd3 Be5 42. Ke4 Bf4 43. Kf5 a3 44.
Kf6 Kc5 45. Kg7 Kd6 46. Kxh7 Ke7 47. Kg6 Be3 48. Ba2 Bd2 49. Kh5 Kf6 50. h4
gxh4 51. Kxh4 Bf4 52. Kh3 Kg5 53. Kg2 Bc1 54. Kf2 Kf4 55. Ke2 Bb2 56. Be6
Be5 57. Kf2 Bd4+ 58. Kg2 Bf6 59. Bd5 Bh4 60. Kh3 Bf6 61. Kg2 Bh4 62. Kh3
Be1 63. Kg2 { Game drawn by mutual agreement } 1/2-1/2

[Event "ICC tourney 2556 (25 5)"]
[Site "Internet Chess Club"]
[Date "2021.05.09"]
[Round "5"]
[White "SANDY, ADRIAN:K05-16647505"]
[Black "KOVARIK, OTTO:K05-30020818"]
[Result "1-0"]
[ICCResult "Black checkmated"]
[WhiteElo "384"]
[BlackElo "900"]
[Opening "Giuoco Pianissimo"]
[ECO "C50"]
[NIC "IG.02"]
[Time "11:36:22"]
[PlyCount "105"]
[TimeControl "1500+5"]

1. e4 e5 2. Nf3 Nc6 3. Bc4 Bc5 4. d3 h6 5. Nc3 Nf6 6. Bd2 d6 7. h3 O-O 8.
O-O Qe7 9. Ne2 Be6 10. Bb3 Bxb3 11. axb3 Rfe8 12. Ng3 Nd4 13. b4 Bb6 14. c3
Nxf3+ 15. Qxf3 c5 16. bxc5 Bxc5 17. b4 Bb6 18. Nf5 Qe6 19. Qg3 g5 20. Nxh6+
Kh7 21. Qxg5 Ng8 22. Nxg8 Rxg8 23. Qf5+ Qxf5 24. exf5 Rg7 25. Be3 Bc7 26.
Rxa7 Rag8 27. g3 d5 28. Rxb7 Bb8 29. Rb6 Rc8 30. Rc1 e4 31. dxe4 dxe4 32.
Bh6 Rgg8 33. Be3 Ba7 34. Rb7 Bxe3 35. fxe3 Rxg3+ 36. Kf2 Rxh3 37. Rxf7+ Kg8
38. Re7 Rh2+ 39. Kg3 Rb2 40. Rxe4 Kf7 41. Kf4 Kf6 42. Re6+ Kf7 43. Ke5 Rd2
44. Rd6 Re8+ 45. Re6 Red8 46. Rf1 Re2 47. e4 Rb8 48. Rh1 Rb5+ 49. Kf4 Rf2+
50. Kg3 Rc2 51. Rh7+ Kf8 52. Rc6 Re2 53. Rc8# { Black checkmated } 1-0

[Event "ICC tourney 2556 (25 5)"]
[Site "Internet Chess Club"]
[Date "2021.05.09"]
[Round "5"]
[White "GASINSKY, JACOB:K05-16624648"]
[Black "PUROHIT, VIHAAN:K05-16766058"]
[Result "0-1"]
[ICCResult "White checkmated"]
[WhiteElo "807"]
[BlackElo "1193"]
[Opening "French: Steinitz attack"]
[ECO "C00"]
[NIC "FR.01"]
[Time "11:35:56"]
[PlyCount "100"]
[TimeControl "1500+5"]

1. e4 e6 2. e5 d5 3. exd6 Bxd6 4. Nc3 Nf6 5. Nf3 c5 6. Bc4 O-O 7. O-O Nc6
8. Bb5 Bd7 9. d3 a6 10. Bxc6 Bxc6 11. Bg5 Re8 12. d4 Bxf3 13. Qxf3 cxd4 14.
Ne4 Be5 15. Bxf6 Bxf6 16. Nxf6+ Qxf6 17. Qxb7 Reb8 18. Qe4 e5 19. Rae1 Re8
20. Re2 Rab8 21. Rfe1 Rxb2 22. Qxd4 Rb5 23. a4 Ra5 24. Qd7 Qe7 25. Qxe7
Rxe7 26. f4 f6 27. Re4 Rc5 28. fxe5 fxe5 29. c4 Kf7 30. Kf2 Kf6 31. Kg3 Ra5
32. Kg4 Rxa4 33. h4 Ra2 34. Kg3 Rc2 35. Kf3 a5 36. g4 h6 37. Rf1 Ke6 38. g5
hxg5 39. hxg5 a4 40. Kg4 a3 41. Ra1 a2 42. g6 Rb7 43. Ree1 Ra7 44. Kg5 Rxc4
45. Rf1 Rb4 46. Rfe1 Rb2 47. Kh5 Rab7 48. Kg5 Rg2+ 49. Kh5 Rb3 50. Rad1
Rh3# { White checkmated } 0-1

[Event "ICC tourney 2556 (25 5)"]
[Site "Internet Chess Club"]
[Date "2021.05.09"]
[Round "5"]
[White "SHELLEY, AKSHAT:K05-16824163"]
[Black "ARISTA, DANYA:K05-16268653"]
[Result "1-0"]
[ICCResult "Black checkmated"]
[WhiteElo "846"]
[BlackElo "421"]
[Opening "Giuoco Pianissimo: Italian four knights variation"]
[ECO "C28"]
[NIC "VG.02"]
[Time "11:32:52"]
[PlyCount "69"]
[TimeControl "1500+5"]

1. e4 e5 2. Bc4 Nf6 3. Nc3 Nc6 4. Nf3 Bc5 5. d3 O-O 6. O-O d6 7. Bg5 Bg4 8.
h3 Bh5 9. g4 Bg6 10. Bxf6 Qxf6 11. Nd5 Qd8 12. b3 Re8 13. Re1 Na5 14. a4 c6
15. Nc3 d5 16. exd5 cxd5 17. Nxd5 Qd6 18. Nh4 Nc6 19. Nxg6 Qxg6 20. Nc7
Rad8 21. Nxe8 Rxe8 22. Qf3 Re7 23. c3 a6 24. Rab1 Rd7 25. Re4 Rd6 26. g5
Qxg5+ 27. Rg4 Qh5 28. Rxg7+ Kxg7 29. Qxh5 Rg6+ 30. Kf1 Ne7 31. Qxe5+ Kf8
32. Qxc5 Rc6 33. Qa7 Nc8 34. Qxb7 Rb6 35. Qxf7# { Black checkmated } 1-0